Map: Catalyseur EC

Players

FistiPanda

  • Race: Zerg Zerg
  • League: Diamond
  • Spawn Location: 11:00

HoldTheDoor - Winner!

  • Race: Protoss Protoss
  • League: Diamond
  • Spawn Location: 5:00

VOD

Have the link to the VOD?

Description

Time

  • Played on: July 4, 2018, 10:22 a.m.
  • Length: 7:31
Show
View Real Time Build Order
Export as new Build Order

FistiPanda Zerg 

Build Orders: Hatch First 

Get SALT Encoding   

  12  0:01  Drone  
  13  0:09  Drone  
  14  0:16  Overlord  
  14  0:35  Drone x2  
  16  0:40  Drone  
  17  0:53  Hatchery  
  16  1:01  Extractor  
  16  1:02  Drone x2  
  17  1:17  Spawning Pool  
  16  1:30  Drone  
  16  1:31  Drone  
  16  1:32  Drone  
  19  1:51  Overlord  
  19  2:03  Drone  
  19  2:05  Metabolic Boost  
  19  2:06  Queen  
  19  2:07  Queen  
  24  2:10  Drone  
  24  2:15  Drone  
  26  2:18  Drone  
  27  2:24  Zergling x2  
  27  2:28  Zergling x2  
  29  2:44  Queen  
  29  2:48  Drone x3  
  34  2:56  Overlord  
  34  3:11  Drone x2  
  36  3:13  Overlord  
  36  3:23  Roach Warren  
  36  3:26  Evolution Chamber  
  34  3:28  Evolution Chamber  
  34  3:29  Extractor, Drone x3  
  35  3:34  Queen  
  37  3:55  Drone x3  
  40  3:57  Drone  
  40  4:01  Zerg Ground Armor Level 1, Zerg Missile Weapons Level 1  
  41  4:04  Roach x3  
  47  4:15  Drone x3  
  47  4:16  Drone x2  
  52  4:18  Overlord  
  52  4:36  Queen, Lair  
  54  5:03  Drone  
  54  5:04  Drone  
  56  5:10  Extractor, Drone x4  
  56  5:12  Extractor, Overlord x3  
  58  5:28  Hatchery  
  57  5:41  Drone x3  
  57  5:42  Drone x2  
  62  5:48  Queen, Hydralisk Den  
  63  5:50  Overlord x2  
  63  5:51  Overlord  
  63  6:17  Hydralisk x2  
  63  6:18  Hydralisk x7  
  67  6:19  Hydralisk x2  
  83  6:54  Drone x6  
  83  6:55  Drone x2  
Show
View Real Time Build Order
Export as new Build Order

HoldTheDoor Protoss - Winner!

Build Orders: 1 Gate Expand 

Get SALT Encoding   

  12  0:01  Probe  
  13  0:13  Probe  
  14  0:20  Pylon  
  14  0:25  Probe  
  15  0:38  Probe  
  16  0:43  Gateway  
  16  0:46  Probe  
  16  0:48  Assimilator  
  16  0:54  Probe  
  18  1:05  Probe  
  19  1:24  Nexus  
  19  1:32  Cybernetics Core  
  19  1:37  Probe  
  20  1:41  Assimilator  
  20  1:49  Probe  
  20  1:53  Pylon  
  21  2:01  Probe  
  22  2:10  Warp Gate  
  22  2:11  Adept  
  22  2:13  Probe  
  25  2:24  Twilight Council  
  25  2:25  Probe  
  26  2:38  Probe  
  26  2:42  Gateway  
  27  2:45  Sentry  
  27  2:46  Probe  
  30  2:52  Probe  
  30  2:57  Pylon  
  31  3:01  Resonating Glaives  
  31  3:04  Probe  
  32  3:06  Probe  
  32  3:11  Adept  
  35  3:16  Probe  
  36  3:23  Gateway  
  36  3:30  Adept  
  36  3:33  Probe x2  
  40  3:45  Probe  
  40  3:46  Probe  
  42  3:54  Pylon  
  42  3:57  Probe  
  42  3:58  Gateway  
  43  4:05  Robotics Facility  
  43  4:07  Pylon  
  43  4:14  Probe  
  44  4:20  Sentry  
  44  4:21  Sentry  
  48  4:25  Adept  
  48  4:28  Probe x2  
  52  4:40  Gateway  
  52  4:42  Gateway  
  52  4:43  Gateway  
  52  4:44  Gateway  
  52  4:45  Warp Prism  
  52  4:46  Gateway  
  52  4:50  Pylon, Adept  
  56  5:15  Immortal  
  56  5:18  Pylon  
  56  5:20  Adept x2  
  56  5:21  Adept  
  66  5:36  Adept  
  68  5:45  Adept  
  68  5:46  Adept x2  
  74  5:50  Adept  
  74  5:51  Adept x4  
  84  6:25  Warp Prism  
  76  6:40  Adept x2  
  76  6:41  Adept x3  
  86  6:50  Pylon  
  86  6:52  Pylon  
  86  6:54  Pylon  
  86  7:05  Pylon  
  86  7:06  Pylon  
  86  7:07  Pylon  
  86  7:08  Pylon  
  86  7:10  Pylon x2  
  90  7:28  Adept x7  
Tags
 
Add a new tag
Caveats
  • Supply blocks, unpowered buildings, or Contaminate may cause inaccurate times.
  • Supply counts are checked every 10 seconds.